 Dungeon Crawl Stone Soup version 0.27-a0-1248-g57ac2eb73c (webtiles) character file.

Game seed: 12505257288309756157

5744 Froggeryz the Grappler (level 10, -1/84 HPs)
             Began as a Vine Stalker Berserker on June 10, 2021.
             Was an Elder of Trog.
             Slain by a killer bee (4 damage)
             ... on level 9 of the Dungeon.
             The game lasted 00:09:37 (6701 turns).

Froggeryz the Grappler (Vine Stalker Berserker)     Turns: 6701, Time: 00:09:37

Health: -1/84      AC:  8    Str: 28    XL:     10   Next: 77%
Magic:  0/11       EV: 16    Int:  7    God:    Trog [****..]
Gold:   249        SH:  0    Dex: 15    Spells: 9/9 levels left

rFire    . . .     SeeInvis .     - Unarmed
rCold    . . .     Faith    .   (no shield)
rNeg     + . .     Spirit   +   u - +2 leather armour "Ytwef" {rN+ Will+}
rPois    .         Reflect  .   v - +1 helmet
rElec    .         Harm     .   (no cloak)
rCorr    .         Rampage  .   (no gloves)
Will     ++++.                  m - +0 pair of boots
Stlth    ..........             (no amulet)
HPRegen  2.24/turn              e - +6 ring of strength
MPRegen  0.12/turn              i - +4 ring of evasion

@: berserking (expiring), lethally poisoned (-1 -> -2), strong-willed
(expiring), regenerating (expiring), slowed
A: fangs 3, regeneration 1, magic shield, antimagic bite, no potion heal 2
a: Renounce Religion, Berserk, Trog's Hand, Brothers in Arms


You were on level 9 of the Dungeon.
You worshipped Trog.
Trog was greatly pleased with you.
You visited 1 branch of the dungeon, and saw 9 of its levels.

You collected 402 gold pieces.
You spent 153 gold pieces at shops.

Inventory:

Missiles
 g - 5 silver javelins
 p - 6 throwing nets
Armour
 m - a +0 pair of boots (worn)
 u - the +2 leather armour "Ytwef" (worn) {rN+ Will+}
   (You took it off an orc on level 6 of the Dungeon)

   It protects you from negative energy.
   It increases your willpower.
 v - a +1 helmet (worn)
Jewellery
 e - a +6 ring of strength (left hand)
 i - a +4 ring of evasion (right hand)
 x - a ring of flight
Wands
 a - a wand of iceblast (10)
 n - a wand of polymorph (18)
 q - a wand of paralysis (12)
 s - a wand of mindburst (42)
 t - a wand of acid (10)
Scrolls
 b - 3 scrolls of identify
 f - 4 scrolls of magic mapping
 j - 6 scrolls of teleportation
 k - a scroll of blinking
 l - 2 scrolls of enchant armour
 r - a scroll of fear
 w - a scroll of fog
Potions
 c - 4 potions of curing
 d - 4 potions of invisibility
 h - a potion of resistance
 o - 2 potions of flight
 z - a potion of lignification


   Skills:
 + Level 7.6 Fighting
 - Level 3.2 Armour
 - Level 3.0 Dodging
 * Level 12.9 Unarmed Combat


You had 9 spell levels left.
You didn't know any spells.
Your spell library was empty.

Dungeon Overview and Level Annotations

Branches:
Dungeon (9/15)             Temple (0/1) D:5
   Lair: D:8-11         Orc: D:9-12

Altars:
Ashenzari
Cheibriados
Dithmenos
Makhleb
Trog
Uskayaw

Shops:
D:2 *


Innate Abilities, Weirdness & Mutations

You have razor-sharp teeth.
Your natural rate of healing is unusually fast.
When hurt, damage is shared between your health and your magic reserves.
Your bite disrupts and absorbs the magic of your enemies.
Potions cannot restore your health.


Message History

* * * LOW HITPOINT WARNING * * *
The centaur warrior kicks you.
* * * LOW HITPOINT WARNING * * *
The killer bee closely misses you.
You punch the hornet!
You kill the hornet!
Trog accepts your kill. The centaur warrior hits you!
* * * LOW HITPOINT WARNING * * *
The centaur warrior closely misses you. The killer bee closely misses you.
The kobold throws a stone.
The stone hits you but does no damage.
You pummel the centaur warrior!!
The centaur warrior is moderately wounded.
You feel yourself speed up. The killer bee barely misses you.
The centaur warrior closely misses you.
The centaur warrior kicks you but does no damage.
The killer bee closely misses you.
You pummel the centaur warrior!! You bite the centaur warrior!
You kill the centaur warrior!
Trog accepts your kill.
You hear a shout!
The killer bee stings you.
* * * LOW HITPOINT WARNING * * *
You barely miss the kobold. You bite the kobold.
You kill the kobold!
Trog accepts your kill.
You feel the effects of Trog's Hand fading.
The kobold brigand throws a curare-tipped dart.
The curare-tipped dart hits you.
You are poisoned.
You have difficulty breathing.
* * * LOW HITPOINT WARNING * * *
You feel yourself slow down.
A kobold comes into view. It is wielding a +0 club.
The killer bee completely misses you. The kobold closely misses you.
You hit the killer bee. Your punch misses the killer bee.
Your bite misses the killer bee.
The killer bee is moderately wounded.
You feel sick. The killer bee stings you.
You die...

###.......
#####.#K.....
#.....#.....#
#.....#.....#
#.....#.....#
#.....#gK...# ..
#.....#K....#######..
#.....#).............
#.....@K.............
#######y.............
.............|..#
................#
#.#+#####+#...>...# #
#......## #.#
#......# #.# #......#
#.# #......####


You could see a kobold brigand, a gnoll shaman, a killer bee and 3 kobolds.

Vanquished Creatures
  Harold (D:7)
  A centaur warrior (D:9)
  A hornet (D:9)
  Menkaure (D:7)
  Duvessa (D:4)
  A water moccasin (D:6)
  2 ice beasts (D:6)
  3 sky beasts
  2 orc warriors
  2 necrophages (D:7)
  2 black bears
  2 ogres
  4 centaurs
  Blork the orc (D:4)
  A bullfrog (D:7)
  A gnoll sergeant (D:7)
  4 scorpions
  Dowan (D:4)
  A wyvern skeleton (D:5)
  A water moccasin skeleton (D:6)
  5 killer bees
  4 wights (D:7)
  A howler monkey (D:7)
  2 hounds
  3 orc priests
  A bullfrog zombie (D:7)
  2 centaur skeletons
  5 centaur zombies
  A gnoll shaman (D:7)
  3 iguanas
  4 orc wizards
  Ijyb (D:4)
  Natasha (thrice) (D:3)
  A killer bee zombie (D:5)
  A hound skeleton (D:2)
  A howler monkey zombie (D:8)
  13 gnolls
  9 adders
  A white imp (D:7)
  An ufetubus (D:6)
  4 dart slugs
  21 orcs
  10 endoplasms
  4 giant cockroaches
  4 goblins
  10 hobgoblins
  3 jackals (D:3)
  A quokka (D:4)
  5 ball pythons
  2 bats
  3 frilled lizards (D:3)
  8 kobolds
  4 rats
174 creatures vanquished.

Notes
Turn   | Place    | Note
-------+----------+-------------------------------------------
     0 | D:1      | Froggeryz the Vine Stalker Berserker began the quest for
                  | the Orb.
     0 | D:1      | Reached XP level 1. HP: 11/11 MP: 2/2
   234 | D:1      | Reached XP level 2. HP: 11/16 MP: 1/3
   899 | D:2      | Reached XP level 3. HP: 19/19 MP: 4/4
  1100 | D:2      | Found Puts's Assorted Antiques.
  1105 | D:2      | Bought a scroll labelled FAXATI KEONANUIGHE for 27 gold
                  | pieces
  1105 | D:2      | Bought a scroll labelled FAXATI KEONANUIGHE for 27 gold
                  | pieces
  1275 | D:2      | Found a faded altar of an unknown god.
  1384 | D:2      | Reached skill level 4 in Unarmed Combat
  1516 | D:2      | Gained mutation: Your natural rate of healing is unusually
                  | fast. [Vine Stalker growth]
  1516 | D:2      | Reached XP level 4. HP: 13/23 MP: 1/5
  1605 | D:2      | Reached ** piety under Trog
  2021 | D:2      | Bought a scroll labelled HUSHUJ JISENK for 27 gold pieces
  2030 | D:3      | Found a shadowy altar of Dithmenos.
  2166 | D:3      | Found a burning altar of Makhleb.
  2166 | D:3      | Found a snail-covered altar of Cheibriados.
  2174 | D:3      | Found a hide-covered altar of Uskayaw.
  2390 | D:3      | Noticed Natasha
  2396 | D:3      | Killed Natasha
  2397 | D:3      | Reached XP level 5. HP: 26/27 MP: 4/6
  2446 | D:3      | Reached skill level 5 in Unarmed Combat
  2650 | D:3      | Noticed Natasha
  2660 | D:3      | Killed Natasha
  2664 | D:3      | Noticed Natasha
  2674 | D:3      | Killed Natasha
  3096 | D:4      | Reached *** piety under Trog
  3161 | D:4      | Reached XP level 6. HP: 26/32 MP: 2/7
  3222 | D:4      | Reached skill level 6 in Unarmed Combat
  3258 | D:4      | Noticed Blork the orc
  3268 | D:4      | Killed Blork the orc
  3316 | D:4      | Found a bloodstained altar of Trog.
  3419 | D:4      | Noticed Ijyb
  3424 | D:4      | Killed Ijyb
  3425 | D:4      | Reached XP level 7. HP: 35/35 MP: 8/8
  3438 | D:4      | Noticed Dowan
  3440 | D:4      | Noticed Duvessa
  3441 | D:4      | You fall into a shaft and drop 2 floors!
  3456 | D:6      | Reached skill level 7 in Unarmed Combat
  3494 | D:6      | Identified the +5 war axe of Evil {vorpal, rC- Str+7 Int+4
                  | Stlth-}
  3587 | D:6      | Identified the +2 leather armour "Ytwef" {rN+ Will+}
  3605 | D:6      | Gained mutation: You have razor-sharp teeth. [Vine Stalker
                  | growth]
  3605 | D:6      | Reached XP level 8. HP: 40/40 MP: 6/9
  3628 | D:6      | Reached skill level 8 in Unarmed Combat
  3762 | D:6      | Reached skill level 9 in Unarmed Combat
  3796 | D:5      | Entered Level 5 of the Dungeon
  3807 | D:5      | Reached **** piety under Trog
  3973 | D:5      | Reached XP level 9. HP: 46/46 MP: 10/10
  4064 | D:5      | Found a staircase to the Ecumenical Temple.
  4111 | D:5      | Found a broken altar of Ashenzari.
  4159 | D:5      | Reached skill level 5 in Fighting
  4238 | D:4      | Reached skill level 10 in Unarmed Combat
  4241 | D:4      | Killed Duvessa
  4242 | D:4      | Killed Dowan
  4288 | D:4      | You fall into a shaft and drop 3 floors!
  4289 | D:7      | Noticed Harold
  4302 | D:7      | Killed Harold
  4303 | D:7      | Reached skill level 11 in Unarmed Combat
  4400 | D:7      | Noticed Menkaure
  4416 | D:7      | Killed Menkaure
  4547 | D:7      | Reached XP level 10. HP: 19/53 MP: 3/11
  5258 | D:2      | Bought a brown potion for 24 gold pieces
  5258 | D:2      | Bought 2 viscous white potions for 48 gold pieces
  5722 | D:7      | Reached skill level 12 in Unarmed Combat
  6678 | D:9      | Noticed a centaur warrior
  6699 | D:9      | Killed a centaur warrior
  6700 | D:9      | HP: 4/84 [asphyx]
  6701 | D:9      | Slain by a killer bee

Illustrated notes

Levels and vault maps discovered:
D:1:      wheals_arrival_shading, layout_loops_ring
D:2:      layout_basic, ebering_ecumenical_altar_webs, serial_shops, shop
D:3:      layout_basic, nicolae_dithmenos_through_a_glass_darkly,
          chequers_temple_overflow_statue_of_worship, uniq_natasha
D:4:      layout_basic, trog_hazing_becter, uniq_duvessa, uniq_ijyb,
          uniq_blork_the_orc
D:5:      layout_cave_pools, grunt_ashenzari_visionary
          [grunt_ashenzari_visionary_shoals, grunt_ashenzari_visionary_snake],
          minmay_temple_entry_hall
D:6:      layout_rooms
D:7:      layout_loops_corners, minmay_misc_feat_pillars, uniq_menkaure,
          uniq_harold
D:8:      layout_rooms, minmay_misc_feat_tower
D:9:      layout_irregular_city, dpeg_lair_monsters, nicolae_water_bricks,
          st_stairs_2

Skill      XL: |  1  2  3  4  5  6  7  8  9 10 |
---------------+-------------------------------+-----
Dodging        | 2 3 |  3.0
Unarmed Combat | 4 5 6 7 9 11 12 | 12.9
Armour         | 2 3 |  3.2
Fighting       | 3 4 6 7 |  7.6

Action                   |  1- 3 |  4- 6 |  7- 9 | 10-12 || total
-------------------------+-------+-------+-------+-------++-------
Melee: Unarmed           |    51 |   160 |   151 |   128 ||   490
       Bite              |    16 |    43 |    70 |    45 ||   174
       Punch             |       |     5 |    14 |    11 ||    30
Invok: Berserk           |     2 |     2 |     7 |     3 ||    14
       Trog's Hand       |       |       |     4 |     1 ||     5
Evoke: Wand              |       |       |     1 |       ||     1
  Use: Scroll            |       |     2 |       |    11 ||    13
       Potion            |       |       |     1 |       ||     1
 Stab: Sleeping          |       |     5 |     1 |       ||     6
       Paralysed         |       |       |     1 |       ||     1
Armor: Animal skin       |     6 |    15 |    11 |       ||    32
       Leather armour    |       |       |    32 |    35 ||    67
Dodge: Dodged            |    29 |    97 |   140 |   137 ||   403

Table legend: (Time is in decaauts)
 A = Elapsed time spent in this place.
 B = Non-inter-level travel time spent in this place.
 C = Inter-level travel time spent in this place.
 D = Time resting spent in this place.
 E = Time spent auto-exploring this place.
 F = Levels seen in this place.
 G = Mean time per level.
                   A        B        C        D        E       F      G
               +--------+--------+--------+--------+--------+-----+--------+
         Total |   6770 |   6413 |    357 |    428 |   4768 |   9 |  752.2 |
       Dungeon |   6770 |   6413 |    357 |    428 |   4768 |   9 |  752.2 |
               +--------+--------+--------+--------+--------+-----+--------+

Top non-repeatable levels by time:
     D:2: 1189 daAuts
     D:7: 1167 daAuts
     D:3: 977 daAuts
     D:1: 869 daAuts
     D:4: 711 daAuts
     D:6: 692 daAuts
     D:5: 576 daAuts
     D:8: 517 daAuts
     D:9: 67 daAuts
